 Dungeon Crawl Stone Soup version 0.29-a0-468-ge57f7f99b4 (webtiles) character file.

Game seed: 17776743395770056810

551 avis the Cleaver (level 7, -1/61 HPs)
             Began as a Hill Orc Monk on May 22, 2022.
             Slain by an ogre
             ... wielding a +0 giant spiked club
              (9 damage)
             ... on level 4 of the Dungeon.
             The game lasted 00:20:36 (4282 turns).

avis the Cleaver (Hill Orc Monk)                    Turns: 4282, Time: 00:20:37

Health: -1/61      AC: 14    Str: 16    XL:     7   Next: 29%
Magic:  7/7        EV:  7    Int: 10    God:
Gold:   208        SH:  0    Dex: 13    Spells: 6/6 levels left

rFire   + . .      SeeInvis .   a - +0 war axe
rCold   + . .      Faith    .   (no shield)
rNeg    . . .      Spirit   .   C - +0 chain mail
rPois   .          Reflect  .   n - +2 helmet
rElec   .          Harm     .   (no cloak)
rCorr   .          Rampage  .   q - +0 pair of gloves
Will    .....                   G - +1 pair of boots
Stlth   ..........              B - amulet of magic regeneration
HPRegen 0.20/turn               f - ring of protection from cold
MPRegen 0.50/turn               r - ring of protection from fire

@: hasted, very quick
A: no striking features
a: no special abilities


You were on level 4 of the Dungeon.
You visited 1 branch of the dungeon, and saw 5 of its levels.

You collected 241 gold pieces.
You spent 33 gold pieces at shops.

Inventory:

Hand Weapons
 a - a +0 war axe (weapon)
 c - a +0 scythe
 h - a +0 dagger of draining
 o - a +0 hunting sling
 p - a +0 hunting sling
 t - a +0 hand axe
 w - a +1 spectral club
 A - a +3 short sword
 D - a +2 dagger of venom
 E - a +0 flail
 F - a +1 falchion of holy wrath
Missiles
 j - 12 boomerangs (quivered)
 y - 3 javelins
 H - 8 poisoned darts
Armour
 e - a +0 plate armour of cold resistance
 k - a +0 chain mail
 n - a +2 helmet (worn)
 q - a +0 pair of gloves (worn)
 C - a +0 chain mail (worn)
 G - a +1 pair of boots (worn)
Magical Staves
 b - a staff of poison
Jewellery
 f - a ring of protection from cold (left hand)
 m - a ring of protection from cold
 r - a ring of protection from fire (right hand)
 B - an amulet of magic regeneration (around neck)
Potions
 d - a potion of haste
 g - a potion of might {unknown}
 l - 2 potions of lignification
 s - 3 potions of curing
 u - a potion of cancellation {unknown}
 v - a potion of brilliance {unknown}
 x - a potion of attraction {unknown}
 z - 2 potions of degeneration


   Skills:
 * Level 5.0 Fighting
 - Level 10.0 Axes
 - Level 2.4 Dodging
 - Level 1.5 Stealth


You had 6 spell levels left.
You didn't know any spells.
Your spell library contained the following spells:

 Spells                   Type           Power      Damage    Failure   Level
 Sublimation of Blood     Necr           0%         N/A       100%        2
 Petrify                  Tmut/Erth      0%         N/A       100%        4
 Irradiate                Conj/Tmut      0%         3d13      100%        5
 Metabolic Englaciation   Hex/Ice        0%         N/A       100%        5
 Statue Form              Tmut/Erth      0%         N/A       100%        6


Dungeon Overview and Level Annotations

Branches:
Dungeon (5/15)
 Temple: D:4-7

Altars:
Qazlal
Sif Muna

Shops:
D:2 *


Message History

A gnoll comes into view. It is wielding a +0 club.
A gnoll comes into view. It is wielding a +0 spear.
The gnoll shouts!
There is a stone staircase leading up here.
You climb upwards.
There is a stone staircase leading down here.
You start resting.
HP restored.
You climb downwards.
The ogre closely misses you.
There is a stone staircase leading up here.
The ogre hits you with a +0 giant spiked club!
You climb upwards.
There is a stone staircase leading down here.
You hit the ogre.
The ogre is lightly wounded.
You hit the ogre.
The ogre is lightly wounded.
The ogre hits you with a +0 giant spiked club!!
You hit the ogre.
The ogre is moderately wounded.
The ogre hits you with a +0 giant spiked club!
* * * LOW HITPOINT WARNING * * *
Okay, then.
Really read the scroll of torment?
As you read the scroll of torment, it crumbles to dust.
Your body is wracked with pain!
* * * LOW HITPOINT WARNING * * *
The ogre convulses!
You barely miss the ogre.
The ogre is heavily wounded.
The ogre hits you with a +0 giant spiked club.
* * * LOW HITPOINT WARNING * * *
You hit the ogre but do no damage.
The ogre is heavily wounded.
The ogre hits you with a +0 giant spiked club.
* * * LOW HITPOINT WARNING * * *
You feel better.
You feel yourself speed up.
The ogre hits you with a +0 giant spiked club!
You die...

#.....###................#....
##.....##......<..............
##...........................
##..........#...............
#.........#..............#..
#####......##....####.....>##.
#.###.............##.......##.
##..#....#..............#.#####
#...#....#....@.........### #
##............O......##.## ##
#.......................#####.
#..##.........................
#####.................<.......
##........................
##..)......#...............
#..<[[....##...............
##(.###.......##.#.........


You could see an ogre.

Vanquished Creatures
  Sigmund (D:3)
  Menkaure (D:4)
  A scorpion (D:4)
  A hound (D:4)
  An orc wizard (D:4)
  Robin (D:2)
  An adder (D:5)
  2 river rats (D:4)
  A worm (D:2)
  2 dart slugs
  16 orcs
  10 endoplasms
  5 giant cockroaches
  15 goblins
  8 hobgoblins
  9 kobolds
  2 quokkas (D:4)
  6 bats
  2 frilled lizards
  7 rats
92 creatures vanquished.

Notes
Turn   | Place    | Note
-------+----------+-------------------------------------------
     0 | D:1      | avis the Hill Orc Monk began the quest for the Orb.
     0 | D:1      | Reached XP level 1. HP: 19/19 MP: 1/1
     1 | D:1      | Noticed an electric eel
   365 | D:1      | Reached XP level 2. HP: 26/26 MP: 2/2
   532 | D:1      | Reached skill level 5 in Axes
   650 | D:1      | Found a faded altar of an unknown god.
   912 | D:2      | Found a shimmering blue altar of Sif Muna.
  1016 | D:2      | Noticed Robin
  1018 | D:2      | Reached XP level 3. HP: 16/31 MP: 3/3
  1063 | D:2      | Killed Robin
  1064 | D:2      | Reached skill level 6 in Axes
  1557 | D:2      | Reached XP level 4. HP: 40/40 MP: 4/4
  1583 | D:2      | Found Vif Mefy's General Store.
  1859 | D:2      | Bought a potion of curing for 33 gold pieces
  2138 | D:3      | Noticed Sigmund
  2172 | D:3      | Killed Sigmund
  2173 | D:3      | Reached skill level 8 in Axes
  2173 | D:3      | Reached XP level 5. HP: 11/47 MP: 5/5
  2173 | D:3      | Reached XP level 6. HP: 13/53 MP: 6/6
  2953 | D:4      | Reached skill level 5 in Fighting
  3426 | D:4      | Noticed Menkaure
  3439 | D:4      | Killed Menkaure
  3440 | D:4      | Reached skill level 9 in Axes
  3459 | D:4      | Reached XP level 7. HP: 31/61 MP: 7/7
  3634 | D:4      | Found a stormy altar of Qazlal.
  4184 | D:5      | Entered Level 5 of the Dungeon
  4195 | D:5      | Reached skill level 10 in Axes
  4280 | D:4      | HP: 1/61 [ogre/+0 giant spiked club (6)]
  4282 | D:4      | Slain by an ogre

Illustrated notes

Levels and vault maps discovered:
D:1:      arrival_aquarium_a, layout_rooms, shapermc_ecumenical_altar_petra,
          corexii_corridor_pit, hex_intersection
D:2:      layout_basic, basic_altar, serial_shops, shop, uniq_robin
D:3:      layout_loops_ring, kennysheep_generic_room_7, uniq_sigmund
D:4:      layout_cave_pools, mainiacjoe_overflow_concentric_impassable,
          portal_sewer_entry_e, nrook_mini_backslash, uniq_menkaure
D:5:      layout_loops_ring, lightli_minifort

Skill      XL: |  1  2  3  4  5  6  7 |
---------------+----------------------+-----
Axes           | 5 6 8 9 10 | 10.0
Fighting       | 4 5 |  5.0
Dodging        | |  2.4
Stealth        | |  1.5

Action                   |  1- 3 |  4- 6 |  7- 9 || total
-------------------------+-------+-------+-------++-------
Melee: Hand axe          |   128 |    21 |       ||   149
       Punch             |     1 |       |       ||     1
       Staff             |       |    13 |       ||    13
       War axe           |       |    73 |    65 ||   138
       Club              |       |     1 |       ||     1
  Use: Potion            |     1 |     2 |     2 ||     5
       Scroll            |       |     7 |     1 ||     8
Armor: Robe              |     3 |       |       ||     3
       Plate armour      |    62 |    45 |       ||   107
       Chain mail        |       |    46 |    36 ||    82
Dodge: Dodged            |    34 |    36 |    19 ||    89

Table legend: (Time is in decaauts)
 A = Elapsed time spent in this place.
 B = Non-inter-level travel time spent in this place.
 C = Inter-level travel time spent in this place.
 D = Time resting spent in this place.
 E = Time spent auto-exploring this place.
 F = Levels seen in this place.
 G = Mean time per level.
                   A        B        C        D        E       F      G
               +--------+--------+--------+--------+--------+-----+--------+
         Total |   4300 |   3916 |    384 |   1170 |   1727 |   5 |  860.0 |
       Dungeon |   4300 |   3916 |    384 |   1170 |   1727 |   5 |  860.0 |
               +--------+--------+--------+--------+--------+-----+--------+

Top non-repeatable levels by time:
     D:3: 1312 daAuts
     D:2: 1201 daAuts
     D:4: 939 daAuts
     D:1: 826 daAuts
     D:5: 21 daAuts
